[Event "45th FIDE Womens Olympiad 2024"]
[Site "Budapest"]
[Date "2024.09.15"]
[Round "5.93"]
[White "Efroimski, Marsel"]
[Black "Arakhamia-Grant, Ketevan"]
[Result "1/2-1/2"]
[ECO "B51"]
[WhiteElo "2408"]
[BlackElo "2263"]
[Annotator "TA"]
[PlyCount "103"]
[EventDate "2024.09.05"]
[EventType "team-tourn"]
[EventCountry "HUN"]
[SourceTitle "playchess.com"]
[Source "ChessBase"]
[SourceQuality "1"]
[WhiteTeam "Israel"]
[BlackTeam "Scotland"]
[WhiteTeamCountry "ISR"]
[BlackTeamCountry "SCO"]
[TimeControl "40/5400+30:1800+30"]

1. e4 c5 2. Nf3 Nc6 3. Bb5 d6 4. O-O Bd7 5. Re1 Nf6 6. c3 a6 7. Bf1 e5 8. d4 cxd4 9. cxd4 Bg4 10. d5 {White is slightly better.} Nd4 11. Be3 Nxf3+ 12. gxf3 Bd7 13. a4 Be7 14. Nd2 b5 15. axb5 axb5 16. Qb3 O-O 17. Qb4 (17. Bxb5 Rb8 18. Ra4 Rxb5 $19) (17. Rec1 $14) 17... Nh5 $11 18. Nb3 (18. Bxb5 $2 {perishes.} Rb8 19. Ra5 Bg5 $19) 18... f5 19. exf5 Bxf5 20. Rxa8 Qxa8 21. Qxb5 Rb8 22. Ra1 Qb7 23. Qxb7 Rxb7 24. Bc4 Rb4 $1 25. Rc1 Bf6 26. Bd2 Rb8 27. Bc3 Nf4 {[%cal Ob8b3] [#] Strongly threatening ...Rxb3!} 28. Na5 Nd3 29. Bxd3 Bxd3 30. Nc6 Rb5 31. Ra1 Be2 (31... Rxd5 $2 {loses.} 32. Nb4 Bc4 33. Nxd5 Bxd5 34. f4 $18) 32. Ra8+ Kf7 33. Ra7+ Kg6 34. f4 Rxd5 (34... exf4 $15 35. Bxf6 Kxf6) 35. fxe5 dxe5 36. Ne7+ Bxe7 37. Rxe7 Kf6 {[#]} 38. Rxe5 Rxe5 {[%mdl 4096] Endgame.} 39. f4 $1 Kf5 40. fxe5 $14 {KB-KB} Bc4 41. Kf2 Kf4 42. b4 g5 43. Bb2 h5 44. Bc3 g4 45. Bb2 h4 46. Bc3 Ke4 47. Kg1 Kf4 48. Be1 Kxe5 49. Bxh4 Kd6 50. Kf2 Kc6 51. Kg3 Be6 52. Be7 {Weighted Error Value: White=0.07 (flawless) /Black=0.06 (flawless) .  Mistake:       	White=2     	Black=1      Inaccurate:     	White=1     	Black=1      OK:         	White=20    	Black=19     Best:        	---       	Black=3      Strong:       	White=1     	Black=1} 1/2-1/2

[Event "45th FIDE Womens Olympiad 2024"]
[Site "Budapest"]
[Date "2024.09.15"]
[Round "5.94"]
[White "Roy, Ali"]
[Black "Klinova, Masha"]
[Result "0-1"]
[ECO "A07"]
[WhiteElo "1961"]
[BlackElo "2227"]
[Annotator "TA"]
[PlyCount "138"]
[EventDate "2024.09.05"]
[EventType "team-tourn"]
[EventCountry "HUN"]
[SourceTitle "playchess.com"]
[Source "ChessBase"]
[SourceQuality "1"]
[WhiteTeam "Scotland"]
[BlackTeam "Israel"]
[WhiteTeamCountry "SCO"]
[BlackTeamCountry "ISR"]
[TimeControl "40/5400+30:1800+30"]

1. Nf3 d5 2. g3 g6 3. Bg2 Bg7 4. O-O e5 5. d3 Ne7 6. Nbd2 Nbc6 7. e4 O-O 8. a4 {8.Re1 gains popularity. A07: Réti Opening: New York and Capablanca Systems.} a5 9. b3 h6 $146 ({Predecessor:} 9... Re8 10. Bb2 b6 11. exd5 Nxd5 12. Re1 Bb7 13. Nc4 f6 14. Nfd2 Nd4 15. f4 Rb8 16. fxe5 fxe5 {0-1 Tahbaz,A (2442)-Ohanyan,E (2490) AI Cup Play In rapid 2023 (3)}) 10. Ba3 Re8 11. Re1 Be6 12. Rc1 Qd7 13. Bb2 Bg4 14. Nf1 d4 15. N1d2 Nb4 16. Nc4 Nec6 17. Qd2 Kh7 18. h4 Bf8 19. Ra1 {Prevents Na2.} Bg7 20. Rac1 b6 21. Nh2 Bh3 22. f4 Bxg2 23. Qxg2 f5 {[#]} 24. h5 gxh5 $17 25. Qh3 exf4 26. gxf4 Rad8 (26... Qf7 $17 {...fxe4 is the strong threat.} 27. Kh1 Rad8 (27... fxe4 28. dxe4 Rad8 29. f5 $15)) 27. e5 Nd5 28. Qf3 (28. Rf1 $142) 28... Qe6 29. Kf2 (29. Rf1 $17 {was necessary.}) 29... Bf8 $19 30. Rh1 Be7 {Threatens to win with ...Rg8.} 31. Qxh5 $2 (31. Rcg1) 31... Nxf4 32. Qf3 Ng6 (32... Bh4+ $142 33. Kg1 Nxe5 34. Nxe5 Qxe5) 33. Rcg1 Ncxe5 34. Nxe5 Nxe5 35. Qh5 {Repels Bh4+} Bf8 (35... Bh4+ $142 36. Qxh4 Nxd3+ 37. cxd3 Qe3+ 38. Kg2 Rg8+ 39. Kf1 Qxd3+ 40. Kf2 Qd2+ 41. Kf1 Rde8 (41... Qxb2 42. Qxh6+ Kxh6 43. Nf3+) 42. Qxh6+ Qxh6) 36. Bc1 {[#]} Ng4+ $2 37. Nxg4 $17 Qe2+ 38. Kg3 Qxg4+ (38... fxg4 $2 {too greedy.} 39. Qf7+ (39. Bxh6 $2 {loses.} Qf3+ 40. Kh4 Bxh6 $19) 39... Kh8 40. Bxh6 Qf3+ 41. Qxf3 gxf3 42. Kxf3 $18 (42. Bxf8+ Kg8 $18) (42. Bxf8+ Kg8 $18)) 39. Qxg4 fxg4 40. Rg2 {Repels Re2} (40. Rf1 $17 {is a better defense.}) 40... Bd6+ $19 41. Kxg4 Rg8+ 42. Kh3 Rdf8 {Repels Rf1. ( -> ...Rf3+)} 43. Rxg8 (43. Rg4 {might work better.}) 43... Rxg8 {[%mdl 4096] Endgame. KRB-KRB} 44. Rf1 Rg3+ 45. Kh4 Rg2 46. Bf4 {[#]} Bxf4 $1 (46... Rxc2 47. Bxd6 cxd6 48. Rf4 $17) 47. Rxf4 Rxc2 48. Rxd4 {KR-KR} Kg6 49. b4 axb4 50. Rxb4 Kf5 51. Kg3 Rc3 52. Rd4 {[#]} Ke5 $1 53. Rd7 Ke6 54. Rd4 $2 (54. Rd8 Ra3 55. Rd4) 54... c5 55. Rh4 Rxd3+ 56. Kf2 Rd6 57. Rxh6+ (57. Ke3 $142 Kd7 58. Rg4) 57... Kd5 58. Rh4 Re6 59. Kf3 c4 60. Rh5+ Kd4 61. a5 bxa5 62. Rxa5 c3 63. Ra8 Kd3 64. Rd8+ Kc2 65. Rh8 Kb2 66. Rb8+ Kc1 67. Rc8 c2 68. Rh8 Rb6 69. Ke3 Kb1 0-1

[Event "45th FIDE Womens Olympiad 2024"]
[Site "Budapest"]
[Date "2024.09.15"]
[Round "5.95"]
[White "Orian, Noga"]
[Black "Cooke, Suzie G."]
[Result "1/2-1/2"]
[ECO "D32"]
[WhiteElo "2187"]
[BlackElo "1941"]
[Annotator "TA"]
[PlyCount "106"]
[EventDate "2024.09.05"]
[EventType "team-tourn"]
[EventCountry "HUN"]
[SourceTitle "playchess.com"]
[Source "ChessBase"]
[SourceQuality "1"]
[WhiteTeam "Israel"]
[BlackTeam "Scotland"]
[WhiteTeamCountry "ISR"]
[BlackTeamCountry "SCO"]
[TimeControl "40/5400+30:1800+30"]

1. d4 e6 2. c4 Nf6 3. Nf3 d5 4. Nc3 c5 5. cxd5 exd5 6. Bg5 Be6 7. Qa4+ Nc6 8. e3 Qb6 9. Bb5 {White has an edge.} Be7 10. O-O {Threatening dxc5.} O-O 11. Bxc6 bxc6 12. Qc2 (12. Qa3 $5) 12... c4 13. b3 cxb3 14. axb3 Rfb8 15. Nd2 Qd8 16. Na4 Ne4 {[#]} 17. Bxe7 $1 $16 ({But not} 17. Nxe4 Bxg5 18. Nxg5 Qxg5 $14) 17... Qxe7 18. Nc5 (18. Nxe4 $16 dxe4 19. Qxc6 (19. Qxe4 Qd8 $16)) 18... Nxc5 $14 19. Qxc5 ({White should play} 19. dxc5 $14 Rb5 20. Rfc1) 19... Qxc5 $11 20. dxc5 Rb5 21. Rfc1 a5 22. Ra4 d4 23. exd4 Bxb3 24. Nxb3 Rxb3 {[%mdl 4096] Endgame. KRR-KRR} 25. Kf1 Kf8 26. Re1 Rb2 27. g3 g6 28. h4 h5 29. Kg2 Rb3 30. Re3 Rb4 31. Rea3 {Strongly threatening Rxb4.} Rxa4 32. Rxa4 {KR-KR} Ke7 33. Kf3 Ke6 34. Ke4 f6 35. f3 Ra7 36. d5+ cxd5+ 37. Kd4 Ra6 38. g4 hxg4 39. fxg4 Ra7 40. Ra1 {aiming for Re1+.} a4 41. Re1+ Kd7 42. Kxd5 Ra6 (42... a3 $11) 43. h5 $18 gxh5 44. gxh5 f5 {[#]} 45. Rg1 $1 Rh6 46. Rg7+ $2 (46. c6+ $1 $18 Kd8 47. Rg8+ Kc7 48. Rg7+ Kd8 49. Kc5) 46... Kd8 $11 {The position is equal.} 47. c6 {Kc5 is the strong threat.} Rxh5 48. Kd6 Rh6+ 49. Kc5 {White threatens Kb6 and mate.} Rh1 50. Rg8+ Kc7 51. Rg7+ Kc8 52. Rg8+ Kc7 53. Rg7+ Kc8 {Weighted Error Value: White=0.18 (very precise) /Black=0.06 (flawless) .  Loses game:     	---       	Black=1      Mistake:       	White=2     	Black=1      Inaccurate:     	---       	Black=2      OK:         	White=15    	Black=16     Best:        	White=2     	Black=4      Strong:       	White=1     	---} 1/2-1/2

[Event "45th FIDE Womens Olympiad 2024"]
[Site "Budapest"]
[Date "2024.09.15"]
[Round "5.96"]
[White "Giulian, Rosemary A"]
[Black "Kochavi, Dana"]
[Result "0-1"]
[ECO "B22"]
[WhiteElo "1922"]
[BlackElo "2009"]
[Annotator "TA"]
[PlyCount "90"]
[EventDate "2024.09.05"]
[EventType "team-tourn"]
[EventCountry "HUN"]
[SourceTitle "playchess.com"]
[Source "ChessBase"]
[SourceQuality "1"]
[WhiteTeam "Scotland"]
[BlackTeam "Israel"]
[WhiteTeamCountry "SCO"]
[BlackTeamCountry "ISR"]
[TimeControl "40/5400+30:1800+30"]

1. e4 c5 2. c3 Nf6 3. e5 Nd5 4. Nf3 Nc6 5. d4 cxd4 6. cxd4 d6 7. Bc4 Nb6 8. Bb5 Bd7 9. Nc3 dxe5 10. dxe5 g6 11. O-O Bg7 {The position is equal.} 12. Bf4 O-O 13. Re1 Be6 14. Bxc6 bxc6 15. Qc1 Bg4 16. Ng5 h6 17. Nge4 {A dynamic duo of knights.} g5 18. Bg3 Nc4 {[#]} 19. Nxg5 hxg5 $17 20. Qxg5 Be6 21. b3 {[#]} (21. Bf4 $15) 21... Nb6 ({Reject} 21... Qd2 $6 22. Qxd2 Nxd2 23. Bf4 $11) (21... Qa5 $1 $17 22. Qc1 Nd6 (22... Nxe5 $2 {loses.} 23. Bxe5 f6 24. Bc7 $18) 23. exd6 Qxc3 24. dxe7 Rfe8) 22. Bf4 Nd5 23. Rad1 f6 24. exf6 exf6 25. Qg3 Bf5 (25... Re8 $5) 26. Ne2 (26. Nxd5 $15 cxd5 27. h4) 26... Re8 27. Nd4 Rxe1+ 28. Rxe1 Nxf4 29. Qxf4 (29. Nxf5 $2 {too greedy.} Ne2+ 30. Kh1 Nxg3+ $19) 29... Bd7 30. h4 Qb8 {Against Qd6} 31. Qc1 Qb4 {Prevents Re7.} 32. Nf3 (32. Rd1 $142) 32... Rc8 33. Rd1 Be6 34. Rd4 Qf8 35. Qd2 Bd5 36. Ne1 (36. Rg4 $142) 36... f5 $19 37. Ra4 Qe7 38. Nc2 Rd8 {[%cal Od5b3] Threatens to win with ...Bxb3!} 39. Qf4 $2 {[#]} (39. Ne3 Bxb3 40. Rxa7 Rxd2 41. Rxe7) 39... Bxb3 $1 {[%mdl 512] Black is clearly winning.} 40. Ne3 {Against Rd1+} (40. Rxa7 Qxa7) 40... Bxa4 41. Qxa4 {[#]} f4 $1 42. Nf5 (42. Ng4 Qe6) 42... Qe6 43. Nxg7 Kxg7 44. Qxa7+ Rd7 45. Qa5 Qf6 {Weighted Error Value: White=0.82/Black=0.41.  Mistake:       	White=6     	Black=1      Inaccurate:     	White=3     	Black=3      OK:         	White=6     	Black=12     Best:        	---       	Black=1      Brilliant:      	---       	Black=1} 0-1

[Event "45th FIDE Womens Olympiad 2024"]
[Site "Budapest"]
[Date "2024.09.15"]
[Round "5.97"]
[White "Ouellet, Maili-Jade"]
[Black "Dornbusch, Tatiana"]
[Result "1/2-1/2"]
[ECO "D57"]
[WhiteElo "2318"]
[BlackElo "2212"]
[Annotator "RC"]
[PlyCount "124"]
[EventDate "2024.09.05"]
[EventType "team-tourn"]
[EventCountry "HUN"]
[SourceTitle "playchess.com"]
[Source "ChessBase"]
[SourceQuality "1"]
[WhiteTeam "Canada"]
[BlackTeam "Monaco"]
[WhiteTeamCountry "CAN"]
[BlackTeamCountry "MNC"]
[TimeControl "40/5400+30:1800+30"]

1. d4 d5 2. c4 e6 3. Nc3 Be7 4. Nf3 Nf6 5. Bg5 h6 6. Bh4 O-O 7. e3 Ne4 8. Bxe7 Qxe7 9. cxd5 Nxc3 10. bxc3 exd5 11. Bd3 c5 12. O-O Nc6 13. h3 Be6 14. Re1 Rfd8 15. Rb1 Rac8 16. Qa4 b6 17. e4 cxd4 18. cxd4 dxe4 19. Bxe4 Na5 20. d5 Bd7 21. Qd4 Qc5 22. Qe5 Nc4 23. Qf4 Qd6 24. Qxd6 Nxd6 25. Bd3 Rc5 26. Rbd1 Ba4 27. Rd2 Kf8 28. Bf1 Ne8 29. Re4 Bb5 30. Bxb5 Rxb5 31. Red4 Rd6 32. a4 Rc5 33. Ne5 Nf6 34. Nc6 Rcxd5 35. Rxd5 Rxd5 36. Rb2 Rd7 37. a5 Nd5 38. axb6 axb6 39. Rb5 f6 40. g3 Kf7 41. Kg2 Rd6 42. Nd4 Nc7 43. Rb4 b5 44. h4 Rd5 45. Ne2 Na6 46. Rb2 b4 47. Nf4 Rd4 48. Kf3 g5 49. hxg5 hxg5 50. Ke3 Rc4 51. Nd3 Nc7 52. Ne1 Ke6 53. Nc2 Nd5+ 54. Kd3 Rc3+ 55. Kd2 Rc4 56. Kd3 Rc3+ 57. Kd2 b3 58. Rxb3 Rxb3 59. Nd4+ Ke5 60. Nxb3 Ke4 61. Ke2 Nc3+ 62. Kf1 Nd5 1/2-1/2

[Event "45th FIDE Womens Olympiad 2024"]
[Site "Budapest"]
[Date "2024.09.15"]
[Round "5.98"]
[White "Zvereva, Marija"]
[Black "Li, Yunshan"]
[Result "0-1"]
[ECO "B13"]
[WhiteElo "2035"]
[BlackElo "2268"]
[Annotator "TA"]
[PlyCount "94"]
[EventDate "2024.09.05"]
[EventType "team-tourn"]
[EventCountry "HUN"]
[SourceTitle "playchess.com"]
[Source "ChessBase"]
[SourceQuality "1"]
[WhiteTeam "Monaco"]
[BlackTeam "Canada"]
[WhiteTeamCountry "MNC"]
[BlackTeamCountry "CAN"]
[TimeControl "40/5400+30:1800+30"]

1. e4 c6 2. d4 d5 3. exd5 cxd5 4. Bd3 Nc6 5. c3 Qc7 6. h3 e6 7. Nf3 Bd6 8. Be3 Bd7 {The position is equal.} 9. Nbd2 f5 {[#] aiming for ...f4.} 10. Nb3 Nf6 11. Qc2 (11. O-O $11) 11... Ne4 $15 12. a3 Ne7 13. a4 Ng6 14. a5 a6 15. O-O O-O 16. Rfe1 Nf4 (16... Rac8 $15) 17. Bxf4 $11 Bxf4 18. Ne5 Bb5 (18... Be8 $11 {remains equal.}) 19. f3 ({White has to play} 19. Bxb5 $16 axb5 20. Qe2) 19... Bxe5 20. dxe5 Bxd3 21. Qxd3 Nc5 22. Nxc5 Qxc5+ 23. Qd4 Qb5 24. Ra4 Rf7 25. Qb4 Rc7 26. Qxb5 axb5 {[%mdl 4096] Endgame. KRR-KRR} 27. Ra3 Rc6 28. Rd1 Rca6 29. Rd4 Rxa5 30. Rxa5 Rxa5 $15 {KR-KR} 31. Rb4 Kf7 32. Kf2 Ke7 ({Black should play} 32... g5 $17) 33. Ke3 Kd7 34. g4 $1 Ra4 {White must now prevent ...Rxb4.} 35. Rxb5 {[%mdl 8192] Loses the game.} (35. Rd4 $1 $15) 35... f4+ 36. Kd3 Kc6 37. Rb3 g5 38. Ke2 b5 39. Kd3 $2 {[#]} (39. Kd2 $19) 39... Kc5 {Black mates.} 40. Ra3 Rxa3 41. bxa3 {KP-KP} h6 42. Kc2 Kc4 43. Kb2 d4 44. cxd4 Kxd4 45. Kb3 Ke3 46. Kb4 Kxf3 47. Kxb5 Kg3 {Weighted Error Value: White=0.36/Black=0.12 (very precise) .  Loses game:     	White=1     	---        Mistake:       	White=3     	Black=3      Inaccurate:     	White=4     	---        OK:         	White=11    	Black=11     Best:        	---       	Black=4      Strong:       	White=1     	---} 0-1

[Event "45th FIDE Womens Olympiad 2024"]
[Site "Budapest"]
[Date "2024.09.15"]
[Round "5.99"]
[White "Pham, Bich Ngoc"]
[Black "Berezovsky, Fiorina"]
[Result "1-0"]
[ECO "D15"]
[WhiteElo "2199"]
[BlackElo "1976"]
[Annotator "TA"]
[PlyCount "48"]
[EventDate "2024.09.05"]
[EventType "team-tourn"]
[EventCountry "HUN"]
[SourceTitle "playchess.com"]
[Source "ChessBase"]
[SourceQuality "1"]
[WhiteTeam "Canada"]
[BlackTeam "Monaco"]
[WhiteTeamCountry "CAN"]
[BlackTeamCountry "MNC"]
[TimeControl "40/5400+30:1800+30"]

1. Nf3 d5 2. d4 Nf6 3. g3 Bf5 4. c4 c6 5. Nc3 dxc4 6. Bg2 (6. Ne5 $1 $14) 6... e6 (6... Nbd7 $11) 7. Nh4 (7. Ne5 $14) 7... Bb4 8. Nxf5 {The position is equal.} exf5 9. O-O O-O 10. e3 Nbd7 11. Qc2 g6 12. Nb1 Qe7 13. Qxc4 Rac8 14. a3 Bd6 15. b4 Ne4 16. f3 Nef6 (16... Nxg3 $11 17. hxg3 Bxg3) 17. Nc3 (17. e4 $1 $14) 17... b5 18. Qd3 Nb6 (18... Bc7 $11 {remains equal.}) 19. e4 $16 {[%cal Be3e4,Be4f5][%mdl 32] aiming for e5.} Nh5 20. exf5 Rfd8 21. Be3 (21. Bh3 $16) 21... Nc4 ({Better is} 21... gxf5 $14 22. Rae1 Qf6) 22. Bf2 Ng7 23. Bh3 (23. fxg6 $18 hxg6 24. f4) 23... Qd7 (23... Nxf5 $14 24. Rfe1 Qd7) 24. Ne4 {[#] Hoping for Nf6+.} gxf5 $2 {[%mdl 8192] Weighted Error Value: White=0.35/Black=0.43.  Loses game:     	---       	Black=1      Mistake:       	White=4     	Black=5      Inaccurate:     	White=1     	Black=4      OK:         	White=8     	Black=4      Best:        	White=1     	---} ({Don't blunder} 24... Be7 $2 25. f6 Qxh3 26. fxe7 $18) (24... Kh8 $16) 1-0

[Event "45th FIDE Womens Olympiad 2024"]
[Site "Budapest"]
[Date "2024.09.15"]
[Round "5.100"]
[White "Berezovska, Svetlana"]
[Black "Demchenko, Svitlana"]
[Result "1/2-1/2"]
[ECO "B33"]
[WhiteElo "1869"]
[BlackElo "2167"]
[Annotator "TA"]
[PlyCount "140"]
[EventDate "2024.09.05"]
[EventType "team-tourn"]
[EventCountry "HUN"]
[SourceTitle "playchess.com"]
[Source "ChessBase"]
[SourceQuality "1"]
[WhiteTeam "Monaco"]
[BlackTeam "Canada"]
[WhiteTeamCountry "MNC"]
[BlackTeamCountry "CAN"]
[TimeControl "40/5400+30:1800+30"]

1. e4 c5 2. Nf3 Nc6 3. d4 cxd4 4. Nxd4 Qb6 5. Nb3 Nf6 6. Nc3 e6 7. Be3 Qc7 8. a3 a6 9. Be2 b5 10. O-O Be7 11. f4 d6 12. Qe1 Bb7 13. Qg3 O-O 14. Bd3 b4 15. Nd1 Rfd8 16. Nf2 Rac8 17. Rae1 bxa3 18. bxa3 e5 19. Ng4 Nxg4 20. Qxg4 exf4 21. Qxf4 Bf6 22. Qg3 Be5 23. Qh4 Qe7 24. Bg5 f6 25. Be3 Re8 26. Rf3 Nd8 27. Rh3 g6 28. Rf1 (28. Nd2 $11 {keeps the balance.}) 28... Ne6 $17 29. Na5 (29. Qf2 $142) 29... Nf8 $2 (29... Ng5 $17 30. Bxg5 fxg5) 30. Nc4 $14 Rc7 31. Nxe5 fxe5 32. Bg5 {White is much more active. This pair of bishops is nice.} Qd7 33. Rhf3 Ne6 34. Bh6 d5 {aiming for ...dxe4.} 35. Qf6 $40 {[%mdl 128] Black is in trouble.} Qe7 {[%mdl 8192] [#] Wards off Qf8+} (35... dxe4 36. Qf8+ Nxf8 37. Rxf8+ Rxf8 38. Rxf8#) (35... Nf4 $16) 36. Qxe5 (36. Qxe6+ $142 Kh8 37. Qxe5+ (37. exd5 Qxe6 38. dxe6 Bxf3 $18) (37. Qxe7 Rg8 38. Qxe5+ Rcg7 39. Bxg7+ Rxg7 40. Rf8#) 37... Kg8 38. Qxe7 Rcxe7 39. Rf8+ Rxf8 40. Rxf8#) 36... Ng7 $18 37. Qxe7 Rcxe7 {Black is weak on the dark squares} 38. exd5 Bxd5 39. Rf6 Be6 (39... Rc7 $16 40. R6f4 (40. Rxa6 Bc4 $18) 40... Rc6) 40. Bxa6 Nf5 41. Bg5 Rc7 42. g4 Nd4 {Prevents Bb5.} (42... Ng7 43. Bf4 Rf7) 43. Bh6 Rf7 44. Rxf7 Bxf7 45. c3 (45. a4 $18) 45... Ne2+ $16 46. Bxe2 Rxe2 {[%mdl 4096] Endgame. KRB-KRB} 47. Rd1 Be6 48. h3 Kf7 49. Bf4 Ra2 50. Bd6 Bb3 51. Rd3 Ke6 52. Rd4 Rc2 53. Bb4 Bd5 54. h4 h6 55. a4 Ke5 56. a5 Bf3 57. a6 (57. Bd6+ $16 Ke6 58. Bf8) 57... Ra2 (57... Rg2+ $1 $14 58. Kf1 Ra2) 58. Rd6 Kf4 {Strongly threatening ...Kg3.} 59. Rxg6 Kg3 60. Bd6+ (60. Rxh6 $2 Ra1#) 60... Kxh4 {[#]} (60... Kh3 $16) 61. Rxh6+ $2 (61. Bb8 $1 $18) 61... Kxg4 $2 (61... Kg5 $1 $11 {and Black is okay.} 62. Rh8 Kxg4) 62. Be5 $2 ({White should play} 62. Bc5 $18) 62... Be2 63. Rh2 {[%cal Oa6a7] Threatens to win with a7!} Ra1+ {The position is equal.} 64. Kf2 Bxa6 65. Ke3 Kf5 66. Rh5+ Ke6 67. Kd4 Rd1+ 68. Ke3 Re1+ 69. Kd4 {Rh6+ would now be deadly.} Rd1+ 70. Ke3 Re1+ {Black escapes into a draw.   Weighted Error Value: White=0.33/Black=0.27 (precise) .  Loses game:     	---       	Black=1      Mistake:       	White=7     	Black=6      Inaccurate:     	White=5     	Black=6      OK:         	White=19    	Black=23     Best:        	White=3     	Black=4} 1/2-1/2

[Event "45th FIDE Womens Olympiad 2024"]
[Site "Budapest"]
[Date "2024.09.15"]
[Round "5.101"]
[White "Perez Rodriguez, Jennifer"]
[Black "Unuk, Laura"]
[Result "0-1"]
[ECO "E12"]
[WhiteElo "2224"]
[BlackElo "2316"]
[Annotator "TA"]
[PlyCount "80"]
[EventDate "2024.09.05"]
[EventType "team-tourn"]
[EventCountry "HUN"]
[SourceTitle "playchess.com"]
[Source "ChessBase"]
[SourceQuality "1"]
[WhiteTeam "Paraguay"]
[BlackTeam "Slovenia"]
[WhiteTeamCountry "PAR"]
[BlackTeamCountry "SLO"]
[TimeControl "40/5400+30:1800+30"]

1. d4 Nf6 2. c4 e6 3. Nf3 b6 4. a3 Bb7 5. Bf4 d5 6. cxd5 Nxd5 7. Bg3 Nd7 8. e3 {The position is equal.} c5 9. Bd3 Be7 10. O-O O-O 11. Nbd2 cxd4 12. Nxd4 Nc5 13. Bb5 (13. Bc2 $5) 13... Rc8 14. Rc1 a6 15. Be2 b5 16. Bf3 Qb6 17. Qc2 Rfd8 18. Qb1 h6 19. Rfd1 Bg5 {[%cal Od5e3] And now ...Nxe3! would win.} 20. Ne4 Nxe4 21. Qxe4 (21. Rxc8 $1 $11 {remains equal.} Rxc8 22. Bxe4) 21... Rxc1 $17 22. Rxc1 {[#]} Nxe3 23. Qxb7 $11 Qxd4 24. Rc8 (24. h4 $1 $11 Bf6 (24... Qxb2 25. Re1 $11) 25. Bc7 Qxb2 26. Re1) 24... Nf5 $1 $15 25. Rxd8+ Bxd8 26. Qc8 {Threatens to win with Bc7.} Kh7 ({Black should play} 26... Qd3 {( -> ...Qb1+)} 27. h3 Kh7 (27... Nxg3 28. fxg3 Qd4+ 29. Kh2 $17)) 27. Qc2 ({White should try} 27. Qc3) 27... Bf6 $40 {[%mdl 128] White is in trouble.} 28. Bb7 g6 (28... Qxb2 29. Qxb2 Bxb2 30. Bxa6 $16) 29. Bxa6 $2 (29. Qe2) 29... Qb6 $19 ({Stronger than} 29... Qxb2 30. Qxb2 Bxb2 31. Bc7 $15) 30. Bc8 (30. Qc7 {was forced.} Qxa6 31. Qxf7+ Bg7 32. Be5) 30... Nd4 31. Qc7 Ne2+ 32. Kf1 Nxg3+ 33. Qxg3 {[%mdl 4096] Endgame. KQB-KQB} Qc6 (33... Bxb2 $2 34. Qb3 $17) 34. Qf3 Qc1+ ({Not} 34... Qxc8 35. Qxf6 Qc4+ 36. Ke1 $11) 35. Ke2 Qxb2+ ({And not} 35... Bxb2 36. Qxf7+ Bg7 37. Bxe6 $11) 36. Kd1 Qb1+ 37. Ke2 (37. Kd2 $142 Bg5+ 38. Ke2 Qc2+ 39. Kf1 Qc4+ (39... Qxc8 $2 40. Qxf7+ Kh8 41. g3 $19) 40. Ke1 Qxc8 (40... Qc1+ $2 41. Ke2 $19) 41. Qxf7+ Kh8 42. g3) 37... Qc2+ 38. Ke1 Bc3+ {Black mates.} 39. Kf1 Qc1+ 40. Ke2 Qd2+ {Weighted Error Value: White=0.45/Black=0.06 (flawless) .  Mistake:       	White=6     	Black=2      Inaccurate:     	White=2     	---        OK:         	White=10    	Black=16     Best:        	White=3     	Black=5      Strong:       	---       	Black=1} 0-1

[Event "45th FIDE Womens Olympiad 2024"]
[Site "Budapest"]
[Date "2024.09.15"]
[Round "5.102"]
[White "Urh, Zala"]
[Black "Vargas, Gabriela"]
[Result "1-0"]
[ECO "D02"]
[WhiteElo "2251"]
[BlackElo "2109"]
[Annotator "TA"]
[PlyCount "129"]
[EventDate "2024.09.05"]
[EventType "team-tourn"]
[EventCountry "HUN"]
[SourceTitle "playchess.com"]
[Source "ChessBase"]
[SourceQuality "1"]
[WhiteTeam "Slovenia"]
[BlackTeam "Paraguay"]
[WhiteTeamCountry "SLO"]
[BlackTeamCountry "PAR"]
[TimeControl "40/5400+30:1800+30"]

1. d4 d5 2. Bf4 e6 3. Nf3 Bd6 4. Bg3 Ne7 5. e3 c5 6. c3 {D02: 1 d4 d5 2 Nf3 sidelines, including 2...Nf6 3 g3 and 2...Nf6 3 Bf4.} Nbc6 7. Bd3 O-O 8. Nbd2 f6 9. dxc5 $146 ({Predecessor:} 9. O-O cxd4 10. exd4 e5 11. dxe5 fxe5 12. Be2 Nf5 13. Ne1 Bc5 14. Nd3 Nxg3 15. hxg3 {0-1 Kunze,K (1447)-Figa,K (1760) Bohumin op-B 7th 2024 (6)}) 9... Bxc5 10. Nb3 Bd6 11. e4 dxe4 12. Bxe4 e5 13. O-O Be6 14. Nfd2 Qc7 15. f3 Rad8 16. Qe2 f5 17. Bc2 Rfe8 18. Rfd1 Ng6 19. Kh1 Qf7 20. a4 Kh8 21. a5 a6 22. Ra4 Be7 23. Nc4 (23. Re1 $17) 23... Rxd1+ 24. Bxd1 {[#]} Bd5 (24... e4 $1 $17 {White must now prevent ...f4.} 25. fxe4 f4) 25. Nbd2 $11 Bf8 (25... Rd8 $15) 26. Nb6 Be6 27. Bc2 Rd8 28. Ndc4 f4 (28... Bc5 $11 {remains equal.}) 29. Bf2 $16 Bf5 30. Ra1 h6 31. Rd1 Rxd1+ 32. Qxd1 Kh7 33. h3 Be7 34. b4 Bxc2 35. Qxc2 Kh8 36. Qe4 Qe6 37. Qd5 (37. Nd5 $16) 37... Nf8 (37... Qxd5 $14 38. Nxd5 Bf8) 38. Qxe6 $16 Nxe6 39. Nd7 Bf6 (39... Kg8 $16) 40. Nd6 $18 Ncd8 $2 (40... Ned8 41. Nc5 Kg8) 41. Bb6 $2 (41. Nxf6 $18 {and the rest is easy.} gxf6 42. Bb6) 41... Be7 $16 42. Nc4 Nc6 43. Kg1 ({Resist} 43. Ncxe5 $6 Nxe5 44. Nxe5 Bf6 45. Nf7+ (45. Bd4 Nxd4 46. cxd4 g5 $16) 45... Kg8 $11) (43. Ndxe5 $6 Bf6 44. Nxc6 bxc6 $11) 43... Kg8 44. Kf2 (44. Ndxe5 Nxe5 45. Nxe5 Bf6 $16) 44... Bf6 $2 (44... Kf7 $16 {might work better.}) 45. Nd6 $18 Ned8 46. Nc5 Kf8 47. Ndxb7 e4 $2 (47... Nxb7 48. Nxb7 h5) 48. Nxd8 $18 e3+ 49. Ke2 Bxd8 50. Ne6+ Ke7 51. Nxf4 Kd6 52. Bxd8 Nxd8 53. Kxe3 g5 54. Ne2 Kd5 55. Kd3 Nc6 56. c4+ Ke5 57. Kc3 h5 58. Kb3 Kd6 59. Ng3 h4 60. Ne4+ Ke5 61. Nxg5 Nd4+ 62. Ka4 Kd6 63. b5 Kc5 64. bxa6 Nc6 65. Nf7 (65. Ne4+ $142 Kd4 66. Kb5 Na7+ 67. Kb6 Nc8+ 68. Kb7 Nd6+ 69. Nxd6 Ke3 70. a7) 1-0